 Dungeon Crawl Stone Soup version 0.28-a0-724-g66f9036eb4 (webtiles) character file.

Game seed: 10708088984966961988

74 flotson the Sneak (level 4, -3/35 HPs)
             Began as a Demonspawn Delver on Oct 26, 2021.
             Killed from afar by a white imp (10 damage)
             ... with a puff of frost
             ... on level 3 of the Dungeon.
             The game lasted 00:04:52 (3562 turns).

flotson the Sneak (Demonspawn Delver)               Turns: 3562, Time: 00:04:53

Health: -3/35      AC:  5    Str: 13    XL:     4   Next: 10%
Magic:  4/4        EV: 10    Int: 11    God:
Gold:   113        SH:  4    Dex: 15    Spells: 3/3 levels left

rFire   . . .      SeeInvis .   n - +2 whip (freeze)
rCold   . . .      Faith    .   k - +0 buckler
rNeg    . . .      Spirit   .   f - +0 ring mail
rPois   .          Reflect  .   j - +0 hat
rElec   .          Harm     .   (no cloak)
rCorr   .          Rampage  .   (no gloves)
Will    .....                   (no boots)
Stlth   ++........              (no amulet)
HPRegen 1.11/turn               (no ring)
MPRegen 0.09/turn               (no ring)

@: no status effects
A: claws 1, powered by death 1
a: no special abilities


You were on level 3 of the Dungeon.
You visited 1 branch of the dungeon, and saw 5 of its levels.

You collected 113 gold pieces.

Inventory:

Hand Weapons
 a - a +0 hand axe
 n - a +2 whip of freezing (weapon)
Missiles
 d - 5 poisoned darts (quivered)
Armour
 f - a +0 ring mail (worn)
 j - a +0 hat (worn)
 k - a +0 buckler (worn)
Wands
 g - a wand of digging (3)
Scrolls
 b - a scroll of brand weapon {unknown}
 c - a scroll of fog
 e - a scroll of fear
 i - a scroll of vulnerability {unknown}
 l - 2 scrolls of identify {unknown}
Potions
 h - a potion of magic {unknown}
 m - a potion of mutation {unknown}


   Skills:
 + Level 3.5 Fighting
 + Level 2.5 Axes
 + Level 1.3 Armour
 + Level 2.4 Dodging
 - Level 4.5 Stealth
 + Level 0.4 Shields


You had 3 spell levels left.
You didn't know any spells.
Your spell library was empty.

Dungeon Overview and Level Annotations

Branches:
Dungeon (5/15)
 Temple: D:4-7

Altars:
Beogh


Innate Abilities, Weirdness & Mutations

You have sharp fingernails.
You regenerate a little health from kills.


Message History

The hobgoblin hits you with a +0 mace!
You closely miss the white imp.
The white imp is moderately wounded.
The white imp closely misses you. You block the hobgoblin's attack.
You hit the white imp but do no damage.
The white imp is lightly wounded.
You block the white imp's attack. The hobgoblin hits you with a +0 mace.
You hit the white imp.
The white imp is heavily wounded.
The white imp closely misses you. The hobgoblin hits you with a +0 mace.
The white imp gestures at you. The puff of frost hits you!
* * * LOW HITPOINT WARNING * * *
You are too injured to fight recklessly!
You are too injured to fight recklessly!
You are too injured to fight recklessly!
You are too injured to fight recklessly!
You are too injured to fight recklessly!
You are too injured to fight recklessly!
You are too injured to fight recklessly!
The hobgoblin hits you but does no damage.
There is an open door here.
You hit the hobgoblin. You freeze the hobgoblin.
The hobgoblin is severely wounded.
The hobgoblin hits you with a +0 mace.
* * * LOW HITPOINT WARNING * * *
You whack the hobgoblin! You freeze the hobgoblin.
You kill the hobgoblin!
The white imp gestures at you. The puff of frost hits you.
* * * LOW HITPOINT WARNING * * *
Throw: 6 darts (poison)
Press: ? - help, Q - select action Shift-Dir - straight line, f - white imp
Aim: a white imp (heavily wounded, 59% to hit)
You throw a poisoned dart. The poisoned dart hits the white imp.
The white imp is poisoned.
The white imp is heavily wounded.
The white imp gestures at you. The puff of frost hits you!
You die...

# ## .. ## #. .. . #. ##
..###. .. .....# ##
......#### ###
#...@.#######.... ########
#..##)#.........# ........
#....5'.5.(.....#
.....########...#.#.>.......#
.)...'..........#.#.........#
.....##..#####..#.####..##'##
####.##.........#.. ..# #
#.##.#####.##### ..#
#.##..)..#.# ..#


You could see a white imp (poisoned).

Vanquished Creatures
  A gnoll (D:1)
  An adder skeleton (D:5)
  A worm (D:2)
  A dart slug (D:2)
  3 orcs (D:2)
  6 endoplasms
  A giant cockroach (D:1)
  4 goblins (D:1)
  5 hobgoblins
  4 jackals
  6 kobolds
  6 ball pythons
  5 bats
  3 frilled lizards
  2 rats (D:2)
49 creatures vanquished.

Notes
Turn   | Place    | Note
-------+----------+-------------------------------------------
     0 | D:5      | flotson the Demonspawn Delver began the quest for the Orb.
     0 | D:5      | Reached XP level 1. HP: 18/18 MP: 1/1
   288 | D:3      | Gained mutation: You regenerate a little health from kills.
                  | [demonic ancestry]
   288 | D:3      | Reached XP level 2. HP: 21/24 MP: 2/2
  1020 | D:1      | Reached skill level 1 in Armour
  1020 | D:1      | Discovered your monstrous ancestry.
  1020 | D:1      | Gained mutation: You have sharp fingernails. [demonic
                  | ancestry]
  1020 | D:1      | Reached XP level 3. HP: 24/29 MP: 3/3
  2682 | D:2      | Reached XP level 4. HP: 34/35 MP: 4/4
  2878 | D:2      | Found a faded altar of an unknown god.
  3562 | D:3      | Killed from afar by a white imp

Illustrated notes

Levels and vault maps discovered:
D:1:      amcnicky_arrival_single_pillar, layout_basic
D:2:      layout_basic, hellmonk_ecumenical_altar_defaced_shrine
D:3:      layout_basic, minmay_misc_feat_ornament,
          ebering_dispersal_statue_hall, minmay_misc_feat_nine_boxes,
          minmay_hedge_maze, uniq_grinder
D:4:      layout_cave_pools, st_stairs_7, minmay_misc_feat_diagonals,
          hangedman_decor_peaks_small
D:5:      layout_loops_ring, uniq_edmund

Skill      XL: |  1  2 |
---------------+-------+-----
Axes           | 2 |  2.5
Dodging        | 2 |  2.4
Armour         | 1 |  1.3
Fighting       | |  3.5
Stealth        | |  4.5
Shields        | |  0.4

Action                   |  1- 3 |  4- 6 || total
-------------------------+-------+-------++-------
Melee: Hand axe          |   148 |    10 ||   158
       Whip              |       |     9 ||     9
Throw: Dart              |     8 |     5 ||    13
  Use: Scroll            |     1 |       ||     1
       Potion            |     1 |       ||     1
 Stab: Sleeping          |    10 |       ||    10
Armor: Leather armour    |     3 |       ||     3
       Ring mail         |    58 |     5 ||    63
Dodge: Dodged            |    87 |    12 ||    99
Block: Buckler           |    19 |     4 ||    23

Table legend: (Time is in decaauts)
 A = Elapsed time spent in this place.
 B = Non-inter-level travel time spent in this place.
 C = Inter-level travel time spent in this place.
 D = Time resting spent in this place.
 E = Time spent auto-exploring this place.
 F = Levels seen in this place.
 G = Mean time per level.
                   A        B        C        D        E       F      G
               +--------+--------+--------+--------+--------+-----+--------+
         Total |   3588 |   3377 |    211 |    212 |   2625 |   5 |  717.6 |
       Dungeon |   3588 |   3377 |    211 |    212 |   2625 |   5 |  717.6 |
               +--------+--------+--------+--------+--------+-----+--------+

Top non-repeatable levels by time:
     D:2: 1692 daAuts
     D:1: 1177 daAuts
     D:3: 478 daAuts
     D:4: 185 daAuts
     D:5: 55 daAuts
